 Dungeon Crawl Stone Soup version 0.29.1-2-gbd0b4ee654 (webtiles) character file.

Game seed: 9486667444490441161

94 GorkyZ the Trooper (level 4, -3/38 HPs)
             Began as a Demonspawn Fighter on Nov 19, 2022.
             Killed from afar by Ijyb (6 damage)
             ... with a bolt of acid
             ... on level 3 of the Dungeon.
             The game lasted 00:05:42 (2752 turns).

GorkyZ the Trooper (Demonspawn Fighter)             Turns: 2752, Time: 00:05:43

Health: -3/38      AC:  6    Str: 18    XL:     4   Next: 38%
Magic:  4/4        EV:  6    Int:  9    God:
Gold:   87         SH:  5    Dex: 13    Spells: 3/3 levels left

rFire   . . .      SeeInvis .   a - +0 flail
rCold   . . .      Faith    .   c - +0 buckler
rNeg    . . .      Spirit   .   i - +0 chain mail
rPois   .          Reflect  .   (no helmet)
rElec   .          Harm     .   (no cloak)
rCorr   .          Rampage  .   (no gloves)
Will    .....                   (no boots)
Stlth   ..........              (no amulet)
HPRegen 0.12/turn               (no ring)
MPRegen 0.09/turn               (no ring)

@: corroded
A: rugged brown scales 1, ignite blood 1
a: no special abilities


You were on level 3 of the Dungeon.
You visited 1 branch of the dungeon, and saw 3 of its levels.

You collected 87 gold pieces.

Inventory:

Hand Weapons
 a - a +0 flail (weapon)
Missiles
 l - 2 poisoned darts (quivered)
 n - 2 datura-tipped darts
 o - 3 boomerangs
Armour
 b - a +0 scale mail
 c - a +0 buckler (worn)
 i - a +0 chain mail (worn)
Wands
 m - a wand of paralysis (12)
Scrolls
 g - a scroll of magic mapping
 h - 2 scrolls of identify
 j - 2 scrolls of noise
 k - a scroll of poison {unknown}
 q - a scroll of vulnerability {unknown}
Potions
 d - 2 potions of might
 e - 2 potions of degeneration
 f - 4 potions of flight
 p - a potion of berserk rage {unknown}


   Skills:
 + Level 3.6 Fighting
 + Level 2.6 Maces & Flails
 + Level 3.2 Armour
 + Level 3.3 Shields


You had 3 spell levels left.
You didn't know any spells.
Your spell library was empty.

Dungeon Overview and Level Annotations

Branches:
Dungeon (3/15)

Altars:
Fedhas
Makhleb

Annotations:
D:3 Ijyb


Innate Abilities, Weirdness & Mutations

You are partially covered in rugged brown scales. (AC +1, +3% HP)
Your demonic aura sometimes causes spilled blood to erupt in flames.


Message History

You closely miss Ijyb. Ijyb hits you with a +0 club.
You barely miss Ijyb. Ijyb hits you with a +0 club. You block Ijyb's attack.
You closely miss Ijyb.
Ijyb zaps a wand.
The bolt of acid misses you.
You closely miss Ijyb. Ijyb screams, "I cut your head off!"
Ijyb zaps a wand.
The bolt of acid hits you! The acid corrodes you!
You barely miss Ijyb. Ijyb hits you but does no damage.
Ijyb hits you with a +0 club.
You are too injured to fight recklessly!
You are too injured to fight recklessly!
You are too injured to fight recklessly!
You are too injured to fight recklessly!
You are too injured to fight recklessly!
You are too injured to fight recklessly!
You are too injured to fight recklessly!
You are too injured to fight recklessly!
You are too injured to fight recklessly!
You are too injured to fight recklessly!
You are too injured to fight recklessly!
You are too injured to fight recklessly!
You are too injured to fight recklessly!
You are too injured to fight recklessly!
You are too injured to fight recklessly!
You are too injured to fight recklessly!
You are too injured to fight recklessly!
You are too injured to fight recklessly!
You are too injured to fight recklessly!
You barely miss Ijyb. Ijyb hits you with a +0 club.
You miss Ijyb.
Ijyb zaps a wand.
The bolt of acid hits you.
* * * LOW HITPOINT WARNING * * *
You barely miss Ijyb. Ijyb hits you with a +0 club.
* * * LOW HITPOINT WARNING * * *
A worm comes into view.
You block Ijyb's attack.
You closely miss Ijyb. Ijyb hits you with a +0 club.
* * * LOW HITPOINT WARNING * * *
You hit Ijyb but do no damage. Ijyb hits you with a +0 club.
* * * LOW HITPOINT WARNING * * *
You miss Ijyb.
Ijyb zaps a wand.
The bolt of acid hits you.
You die...

#...........##
..........#..#
#............# #
####....#.##.# .#
#....#.##.# .#
#....#.##.#####.#
#....#.##.......##.#
#.#.##.######......#
#....... #@.....#
##.. ### #g....w.#
......... #.........
..........
..#.......#
#.##.....## #.
....##


You could see Ijyb and a worm.

Vanquished Creatures
  2 adders (D:2)
  A worm (D:2)
  A dart slug (D:1)
  6 orcs (D:3)
  4 ball pythons
  3 endoplasms
  2 giant cockroaches
  8 hobgoblins
  5 jackals
  2 quokkas
  7 bats
  2 goblins
  11 kobolds
  4 rats
58 creatures vanquished.

Notes
Turn   | Place    | Note
-------+----------+-------------------------------------------
     0 | D:1      | GorkyZ the Demonspawn Fighter began the quest for the Orb.
     0 | D:1      | Reached XP level 1. HP: 18/18 MP: 1/1
   285 | D:1      | Gained mutation: You are partially covered in rugged brown
                  | scales. (AC +1, +3% HP) [demonic ancestry]
   285 | D:1      | Reached XP level 2. HP: 1/24 MP: 2/2
   863 | D:1      | Found a faded altar of an unknown god.
   984 | D:1      | Reached XP level 3. HP: 29/29 MP: 3/3
  1909 | D:2      | Gained mutation: Your demonic aura sometimes causes spilled
                  | blood to erupt in flames. [demonic ancestry]
  1909 | D:2      | Reached XP level 4. HP: 34/36 MP: 4/4
  2434 | D:3      | Found a burning altar of Makhleb.
  2590 | D:3      | Found a blossoming altar of Fedhas.
  2738 | D:3      | Noticed Ijyb
  2752 | D:3      | Killed from afar by Ijyb

Illustrated notes

Levels and vault maps discovered:
D:1:      dpeg_arrival_triangle_fractal, layout_basic,
          dreamdust_ecumenical_altar_grove, skrybe_limestone_x,
          minmay_split_cup_small
D:2:      layout_basic, serial_aquarium, aquarium_bridge_long_separate
          [aquarium_subvault_wall, aquarium_subvault_bridge,
          aquarium_subvault_balcony, aquarium_subvault_window,
          aquarium_subvault_bridge, aquarium_subvault_bridge],
          aquarium_window_1, aquarium_window_fake, aquarium_window_fake,
          aquarium_window_fake, aquarium_view_2d, minmay_tiny_reverse_x
D:3:      layout_loops_cross, general_overflow_altar, zin_angel,
          lemuel_round_altar, uniq_ijyb

Skill      XL: |  1  2 |
---------------+-------+-----
Maces & Flails | 2 |  2.6
Armour         | 3 |  3.2
Shields        | 3 |  3.3
Fighting       | |  3.6

Action                   |  1- 3 |  4- 6 || total
-------------------------+-------+-------++-------
Melee: Flail             |   162 |    64 ||   226
  Use: Scroll            |     4 |       ||     4
Armor: Scale mail        |    90 |       ||    90
       Chain mail        |    60 |    48 ||   108
Dodge: Dodged            |    94 |    16 ||   110
Block: Buckler           |    51 |    17 ||    68
